[Event "Swiss National League-A 2024"]
[Site "Luzern"]
[Date "2024.10.13"]
[Round "9.36"]
[White "Hochstrasser, Michael"]
[Black "Martins, David Pires Tavares"]
[Result "1/2-1/2"]
[ECO "A36"]
[WhiteElo "2316"]
[BlackElo "2410"]
[Annotator "TA"]
[PlyCount "70"]
[EventDate "2023.10.03"]
[EventType "team-tourn"]
[EventCountry "SUI"]
[SourceTitle "playchess.com"]
[Source "ChessBase"]
[SourceQuality "1"]
[TimeControl "40/8400+30:20/3000+30:900+30"]

1. e4 d6 2. c4 e5 3. Nc3 c5 4. d3 g6 5. g3 Bg7 6. Bg2 Nc6 7. Nge2 Nge7 8. O-O Be6 9. Nd5 O-O 10. Be3 Qd7 11. Qd2 Rab8 12. a3 Nd4 13. Rab1 Nec6 14. b4 f5 15. f4 (15. Nxd4 {simplifies} cxd4 16. Bg5 fxe4 17. dxe4 Nd8 18. Qd3) 15... fxe4 {[%emt 0:01:42] The position is equal.} 16. Bxe4 Bh3 (16... Bg4 {simplifies} 17. Bxd4 cxd4 18. Rbe1 Kh8) 17. Bg2 Bxg2 (17... exf4 {is more complex.} 18. Nexf4 Bxg2 19. Qxg2 Rbe8) 18. Kxg2 exf4 19. Bxd4 Nxd4 20. Nxd4 Bxd4 21. Nxf4 Rf7 22. Nd5 Rbf8 23. bxc5 dxc5 ({Don't blunder} 23... Rf2+ $2 24. Rxf2 Bxf2 25. Rf1 Bxc5 26. Rxf8+ (26. Nf6+ Rxf6 27. Rxf6 d5 $18) 26... Kxf8 27. d4 Bxa3 28. Qh6+ (28. Qe3 Bb2 $18) 28... Qg7 29. Qe3 $18) 24. Rxf7 Qxf7 25. Qe2 {[%emt 0:00:09] Against Qf3+} Qf2+ ({Don't go for} 25... Qxd5+ $2 26. cxd5 Rf7 27. d6 $18 (27. Qe8+ Kg7 $18)) 26. Qxf2 Rxf2+ $11 {[%emt 0:00:03][%mdl 4096] Endgame. KRB-KRN} 27. Kh3 Rf7 28. Re1 Kg7 29. a4 Rd7 30. Kg4 Bf6 31. Re4 Bd8 32. Re8 Kf7 33. Rh8 Kg7 34. Re8 Kf7 35. Rh8 Kg7 {[%emt 0:00:19] An even fight not without its subleties.   Weighted Error Value: White=0.08 (flawless) /Black=0.06 (flawless) .  Inaccurate:     	White=3     	Black=3      OK:         	White=11    	Black=10     Best:        	White=1     	---} 1/2-1/2

[Event "Swiss National League-A 2024"]
[Site "Luzern"]
[Date "2024.10.13"]
[Round "9.37"]
[White "Maier, Christian"]
[Black "Gaehler, Marco"]
[Result "1-0"]
[ECO "A43"]
[WhiteElo "2228"]
[BlackElo "2312"]
[Annotator "RC"]
[PlyCount "41"]
[EventDate "2023.10.03"]
[EventType "team-tourn"]
[EventCountry "SUI"]
[SourceTitle "playchess.com"]
[Source "ChessBase"]
[SourceQuality "1"]
[TimeControl "40/8400+30:20/3000+30:900+30"]

1. d4 Nf6 2. g3 c5 3. Nf3 cxd4 4. Nxd4 Nc6 5. Bg2 e5 6. Nb3 d5 7. O-O Be6 8. Bg5 Bb4 9. c3 Be7 10. N1d2 a5 11. Bxf6 gxf6 12. a4 Qb6 13. e4 dxe4 14. Bxe4 f5 15. Bc2 h5 16. Qe2 h4 17. Qb5 Qc7 18. Nc5 b6 19. Nxe6 fxe6 20. Nf3 Kf7 21. Qxc6 1-0

[Event "Swiss National League-A 2024"]
[Site "Luzern"]
[Date "2024.10.13"]
[Round "9.38"]
[White "Fend, Juergen"]
[Black "Wyss, Jonas"]
[Result "0-1"]
[ECO "A13"]
[WhiteElo "2264"]
[BlackElo "2281"]
[Annotator "RC"]
[PlyCount "68"]
[EventDate "2023.10.03"]
[EventType "team-tourn"]
[EventCountry "SUI"]
[SourceTitle "playchess.com"]
[Source "ChessBase"]
[SourceQuality "1"]
[TimeControl "40/8400+30:20/3000+30:900+30"]

1. Nf3 d5 2. e3 Nf6 3. c4 e6 4. b3 Nbd7 5. Bb2 Bd6 6. Nc3 a6 7. Qc2 O-O 8. Be2 Re8 9. g4 dxc4 10. g5 cxb3 11. Qxb3 Nc5 12. Qc2 Nd5 13. d4 Nd7 14. Ne4 Bb4+ 15. Kf1 b6 16. h4 Bb7 17. g6 fxg6 18. h5 N7f6 19. hxg6 h6 20. Ng3 Rf8 21. Rh4 Bd6 22. Ne4 Nxe3+ 23. fxe3 Nd5 24. Kg1 Rxf3 25. Bxf3 Qxh4 26. Nxd6 Qg5+ 27. Kh2 Qh4+ 28. Kg1 Qg5+ 29. Kh2 cxd6 30. Qe4 Re8 31. Ba3 Ba8 32. Rc1 Nf6 33. Qxa8 Rxa8 34. Bxa8 Qh5+ 0-1

[Event "Swiss National League-A 2024"]
[Site "Luzern"]
[Date "2024.10.13"]
[Round "9.39"]
[White "Rodriguez Polo, Mateo"]
[Black "Frey, Fabian"]
[Result "1/2-1/2"]
[ECO "A11"]
[WhiteElo "2196"]
[BlackElo "2179"]
[Annotator "RC"]
[PlyCount "94"]
[EventDate "2023.10.03"]
[EventType "team-tourn"]
[EventCountry "SUI"]
[SourceTitle "playchess.com"]
[Source "ChessBase"]
[SourceQuality "1"]
[TimeControl "40/8400+30:20/3000+30:900+30"]

1. Nf3 d5 2. c4 c6 3. g3 Bg4 4. Ne5 Bf5 5. Qb3 Qb6 6. cxd5 Qxb3 7. axb3 Bxb1 8. Rxb1 cxd5 9. e4 e6 10. Bb5+ Ke7 11. exd5 exd5 12. d4 f6 13. Nd3 a6 14. Ra1 Kf7 15. O-O Bd6 16. Nc5 Ra7 17. Be3 Ne7 18. Be2 h5 19. b4 b6 20. Nxa6 Nxa6 21. b5 Rc7 22. bxa6 Rc2 23. a7 Rxe2 24. a8=Q Rxa8 25. Rxa8 Rxb2 26. Raa1 b5 27. Rfb1 Rxb1+ 28. Rxb1 b4 29. Kf1 Ke6 30. h3 g5 31. Ke2 Nf5 32. Kd3 h4 33. g4 Ne7 34. Bd2 Nc6 35. Ra1 Kd7 36. Ra8 Bb8 37. Ra6 Bc7 38. Ra8 Bb8 39. Be1 Ba7 40. f4 gxf4 41. Rxa7+ Nxa7 42. Bxb4 Nb5 43. Be1 f5 44. Bxh4 fxg4 45. hxg4 Nc7 46. Bf6 Ne6 47. Be5 Ke7 1/2-1/2

[Event "Swiss National League-A 2024"]
[Site "Luzern"]
[Date "2024.10.13"]
[Round "9.40"]
[White "Maeser, Fabian"]
[Black "Gantner, Matthias"]
[Result "1/2-1/2"]
[ECO "B51"]
[WhiteElo "2268"]
[BlackElo "2284"]
[Annotator "RC"]
[PlyCount "62"]
[EventDate "2023.10.03"]
[EventType "team-tourn"]
[EventCountry "SUI"]
[SourceTitle "playchess.com"]
[Source "ChessBase"]
[SourceQuality "1"]
[TimeControl "40/8400+30:20/3000+30:900+30"]

1. e4 c5 2. Nf3 d6 3. Bb5+ Nd7 4. c3 Ngf6 5. Qe2 a6 6. Ba4 b5 7. Bc2 Bb7 8. d4 g6 9. O-O Bg7 10. Re1 O-O 11. Nbd2 e5 12. d5 c4 13. b3 cxb3 14. axb3 Qb8 15. Ba3 Rc8 16. Bb4 Nh5 17. g3 Bf6 18. Ba5 Bd8 19. Bxd8 Rxd8 20. b4 Bc8 21. Bd3 Nb6 22. Rec1 Bd7 23. Rab1 Nf6 24. Nb3 Ra7 25. Na5 Rc8 26. Rc2 Nc4 27. Bxc4 bxc4 28. Nd2 Bb5 29. Qe3 Kg7 30. Rf1 Re7 31. f3 Qc7 1/2-1/2